 Dungeon Crawl Stone Soup version 0.21-a0-521-g1cd18d1 (webtiles) character file.

178 Gerstahl the Chopper (level 5, -2/51 HPs)
             Began as a Draconian Gladiator on Dec 5, 2017.
             Slain by Sigmund
             ... wielding a +0 scythe
              (11 damage)
             ... on level 3 of the Dungeon.
             The game lasted 00:04:08 (2024 turns).

Gerstahl the Chopper (Draconian Gladiator)          Turns: 2024, Time: 00:04:09

Health: -2/51      AC:  5    Str: 18    XL:     5   Next: 32%
Magic:  5/5        EV: 13    Int:  6    God:
Gold:   57         SH:  0    Dex: 12    Spells: 4/4 levels left

rFire    . . .     SeeInvis .   a - +0 war axe
rCold    . . .     Gourm    .   (no shield)
rNeg     . . .     Faith    .   (armour unavailable)
rPois    .         Spirit   .   b - +0 hat
rElec    .         Reflect  .   (no cloak)
rCorr    .         Harm     .   (no gloves)
MR       .....                  (no boots)
Stlth    +.........             (no amulet)
HPRegen  0.17/turn              (no ring)
MPRegen  0.09/turn              (no ring)

@: slowed, very slow
A: unfitting armour, blurry vision 1, dopey 1, robust 1, cold-blooded, AC +5
a: no special abilities


You were on level 3 of the Dungeon.
You were hungry.

You visited 1 branch of the dungeon, and saw 3 of its levels.

You collected 57 gold pieces.

Inventory:

Hand Weapons
 a - a +0 war axe (weapon)
Missiles
 c - 3 throwing nets (quivered)
Armour
 b - a +0 hat (worn)
 t - a +0 helmet
Jewellery
 f - an uncursed ring of protection from fire {unknown}
 i - an uncursed ring of flight {unknown}
 j - an uncursed ring of wizardry {unknown}
Scrolls
 e - a scroll of blinking {unknown}
 g - a scroll of teleportation {unknown}
 h - 2 scrolls of random uselessness {unknown}
 l - a scroll of remove curse {unknown}
 m - a scroll of amnesia {unknown}
 n - a scroll of magic mapping {unknown}
 p - a scroll of identify {unknown}
Potions
 o - 2 potions of heal wounds {unknown}
 q - a potion of invisibility {unknown}
 r - a potion of flight {unknown}
Comestibles
 d - a bread ration
 k - a royal jelly
 s - 3 meat rations
 u - a fruit


   Skills:
 + Level 4.6 Fighting
 + Level 4.8 Axes
 - Level 1.7 Throwing
 - Level 2.6 Dodging


You had 4 spell levels left.
You didn't know any spells.

Dungeon Overview and Level Annotations

Branches:
Dungeon (3/15)

Altars:
Hepliaklqana

Annotations:
D:3 Natasha, Sigmund


Innate Abilities, Weirdness & Mutations

Your plain brown scales are hard. (AC +5)
You cannot fit into any form of body armour.
You are cold-blooded and may be slowed by cold attacks.
Scrolls take you a little longer to read.
You are dopey. (Int -2)
You are robust. (+10% HP)


Message History

Sigmund flickers and vanishes!
Deactivating autopickup; reactivate with Ctrl-A.
Natasha claws you.
The crimson imp blinks!
You hear some strange, mumbled words.
A puff of flame appears from out of thin air!
The puff of flame hits you! The white imp gestures at you.
The puff of frost hits something.
Natasha misses you.
You closely miss something. You miss Natasha. Something hits you.
* * * LOW HITPOINT WARNING * * *
Natasha barely misses you. Natasha claws you.
* * * LOW HITPOINT WARNING * * *
You bump into the rock wall.
You feel less confused. Something barely misses you. Natasha barely misses you.
Unknown command.
You slash Natasha!
Natasha is almost dead.
You miss something. Something hits you!
You die...

.......).#
#.# #.#
.........#
#.# #.#
.######.##
#.# #.# #..
#.# #.# ###
#.#####.#
###.......#
#......#..#
###.##.#..#
# #@#...$
#{h..#.#
#5####.#
... # #.#
#.# ... ###


You could see Natasha and a white imp.

Vanquished Creatures
  A sky beast (D:3)
  A hound (D:2)
  2 adders (D:2)
  A worm (D:2)
  A leopard gecko (D:2)
  5 bats
  3 giant cockroaches (D:2)
  5 goblins
  7 hobgoblins
  A kobold (D:1)
  A quokka (D:2)
  4 frilled lizards
  6 rats
38 creatures vanquished.

Notes
Turn   | Place    | Note
-------+----------+-------------------------------------------
     0 | D:1      | Gerstahl the Draconian Gladiator began the quest for the Orb.
     0 | D:1      | Reached XP level 1. HP: 17/17 MP: 1/1
   115 | D:1      | Reached XP level 2. HP: 21/25 MP: 2/2
   825 | D:2      | Reached XP level 3. HP: 30/31 MP: 3/3
   999 | D:2      | Found a hazy altar of Hepliaklqana.
  1129 | D:2      | Reached XP level 4. HP: 37/40 MP: 4/4
  1716 | D:3      | Noticed a sky beast
  1751 | D:3      | Killed a sky beast
  1751 | D:3      | Reached XP level 5. HP: 19/47 MP: 5/5
  1755 | D:3      | Gained mutation: You are dopey. (Int -2) [mutagenic meat]
  1756 | D:3      | Gained mutation: Scrolls take you a little longer to read. [mutagenic meat]
  1757 | D:3      | Gained mutation: Your magical capacity is low. (-10% MP) [mutagenic meat]
  1758 | D:3      | Gained mutation: You are robust. (+10% HP) [mutagenic meat]
  1759 | D:3      | Lost mutation: Your magical capacity is low. (-10% MP) [mutagenic meat]
  2009 | D:3      | Noticed Sigmund
  2011 | D:3      | Noticed Natasha
  2024 | D:3      | Slain by Sigmund

Vault maps used:
D:1:      shiori_arrival_maze, minivault_23
D:2:      lemuel_round_altar
D:3:      grunt_temple_overflow_magic_moments, uniq_sigmund, uniq_natasha

Skill      XL: |  1  2  3  4 |
---------------+-------------+-----
Fighting       | 3 4 |  4.6
Axes           | 4 |  4.8
Throwing       | |  1.7
Dodging        | |  2.6

Action                   |  1- 3 |  4- 6 || total
-------------------------+-------+-------++-------
Melee: War axe           |    82 |    56 ||   138
       Tailslap          |     6 |     6 ||    12
 Stab: Sleeping          |     1 |       ||     1
  Eat: Chunk             |       |     8 ||     8
Armor: Skin              |    18 |     8 ||    26
Dodge: Dodged            |    58 |    40 ||    98

Table legend:
 A = Spawn XP
 B = Non-spawn XP
 C = Spawn XP percentage of total XP
 D = Spawn monster count
 E = Non-spawn monster count
 F = Spawn count percentage of total count
 G = Total turns spent on level
                    A         B        C        D         E        F      G
               +---------+---------+-------+---------+---------+-------+---------
         Total |       0 |     255 |   0.0 |       0 |      38 |   0.0 |  2024
               +---------+---------+-------+---------+---------+-------+---------
           D:1 |       0 |      24 |   0.0 |       0 |      16 |   0.0 |   598
           D:2 |       0 |     100 |   0.0 |       0 |      18 |   0.0 |   965
           D:3 |       0 |     131 |   0.0 |       0 |       4 |   0.0 |   461
               +---------+---------+-------+---------+---------+-------+---------
